 Dungeon Crawl Stone Soup version 0.15-a0-885-g3d1b40c (console) character file.

46 Champion the Skirmisher (level 3, -3/39 HPs)
             Began as an Ogre Monk on May 17, 2014.
             Killed from afar by TZer0alt's ghost (4 damage)
             ... with a blast of negative energy
             ... on Level 4 of the Dungeon.
             The game lasted 00:03:39 (870 turns).

Champion the Skirmisher (Ogre Monk)                  Turns: 870, Time: 00:03:39

HP  -3/39        AC  3     Str 16      XL: 3   Next: 68%
MP   3/3         EV  9     Int  9      God:
Gold 79          SH  0     Dex 13      Spells:  0 memorised,  2 levels left

rFire  . . .     SeeInvis .     p - +2 whip
rCold  . . .     Clarity  .     a - +0 robe
rNeg   . . .     Conserve .     (shield restricted)
rPois  .         rCorr    .     (helmet restricted)
rElec  .         rRot     .     (no cloak)
SustAb .         Spirit   .     (gloves unavailable)
rMut   .         Warding  .     (boots unavailable)
Gourm  .         Stasis   .     (no amulet)
MR     .....                    (no ring)
                                (no ring)

@: heavily drained, not resistant to hostile enchantments, very unstealthy
A: unfitting armour, tough skin 1
a: no special abilities


You were on level 4 of the Dungeon.
You were not hungry.

You visited 1 branch of the dungeon, and saw 4 of its levels.

You collected 79 gold pieces.

Inventory:

Hand weapons
 d - a +0,+0 mace
 p - a +2,+2 whip (weapon)
Armour
 a - a +0 robe (worn)
 m - a +0 robe
Comestibles
 b - a meat ration
 i - a bread ration
 j - 2 pears
Scrolls
 e - a scroll of identify {unknown}
 l - a scroll of blinking {unknown}
 n - a scroll of remove curse {unknown}
 o - a scroll of fear {unknown}
Potions
 f - a potion of curing {unknown}
 g - a potion of haste {unknown}
 h - a potion of lignification {unknown}
 k - a potion of brilliance {unknown}


   Skills:
 - Level 4.0(2.1) Fighting
 + Level 2.6(0.8) Maces & Flails
 + Level 2.5(0.7) Throwing
 - Level 2.6(0.8) Dodging
 - Level 1.5(0.0) Stealth
 - Level 3.6(1.7) Unarmed Combat


You had 2 spell levels left.
You didn't know any spells.

Dungeon Overview and Level Annotations

Branches:
Dungeon (4/15)
 Temple: D:4-7

Altars:

Annotations:
D:4 TZer0alt's ghost, experienced DrTm


Innate Abilities, Weirdness & Mutations

You are too large for most types of armour.
You have tough skin (AC +1).


Message History

You throw a large rock.
Throwing (i - inventory):
c - a large rock (quivered)
Press: ? - help, Shift-Dir - straight line, f/p - TZer0alt's ghost
Aim: TZer0alt's ghost (lightly damaged)
You throw a large rock.
The large rock hits TZer0alt's ghost but does no damage.
TZer0alt's ghost is lightly damaged.
TZer0alt's ghost breathes negative energy at you.
The blast of negative energy hits you!
You feel drained.
TZer0alt's ghost breathes negative energy at you.
The blast of negative energy hits you!
You feel drained.
Ouch! That really hurt!
* * * LOW HITPOINT WARNING * * *
TZer0alt's ghost breathes negative energy at you.
The blast of negative energy hits you!
You feel drained.
* * * LOW HITPOINT WARNING * * *
TZer0alt's ghost shouts, "Do you think the gods will protect you?"
TZer0alt's ghost breathes negative energy at you.
The blast of negative energy hits you!
You feel drained.
You die...

.(.# #....# #'## #....# .(#
#....# .W# #....# .(# #########
#....# #(# #.......# #....#
#(##############.......#####.....
#>.......W.............'.......).
#.##############@......#######...
#+# #.......# #..% #.......# #...
######### #... #... ####


You could see TZer0alt's ghost.

Vanquished Creatures
  2 adders
  2 giant geckos
  An orc (D:4)
  A ball python (D:3)
  A bat (D:1)
  A giant cockroach (D:3)
  4 goblins
  2 hobgoblins
  A quokka (D:2)
  2 jackals (D:1)
  6 kobolds
  A rat (D:2)
24 creatures vanquished.

Notes
Turn   | Place    | Note
--------------------------------------------------------------
     0 | D:1      | Champion, the Ogre Monk, began the quest for the Orb.
     0 | D:1      | Reached XP level 1. HP: 24/24 MP: 1/1
    71 | D:1      | Reached skill level 1 in Throwing
   168 | D:1      | Reached XP level 2. HP: 24/32 MP: 2/2
   367 | D:2      | Reached skill level 1 in Maces & Flails
   374 | D:2      | Reached XP level 3. HP: 30/39 MP: 3/3
   848 | D:4      | Noticed TZer0alt's ghost (experienced DrTm)
   868 | D:4      | HP: 1/39 [TZer0alt's ghost/blast of negative energy (10)]
   870 | D:4      | Killed from afar by TZer0alt's ghost

Action                   || total
-------------------------++-------
Melee: Unarmed           ||    58
       Whip              ||     2
Throw: Large rock        ||     9
 Stab: Sleeping          ||     1
